Map: Newkirk Precinct TE (Void)

Players

Threat - Winner!

  • Race: Zerg Zerg
  • League: Gold
  • Spawn Location: 7:00

fropez

  • Race: Protoss Protoss
  • League: Gold
  • Spawn Location: 5:00

VOD

Have the link to the VOD?

Description

Time

  • Played on: Dec. 15, 2016, 6:18 p.m.
  • Length: 5:06
Show
View Real Time Build Order
Export as new Build Order

Threat Zerg - Winner!

Build Orders: Hatch First 

Get SALT Encoding   

  12  0:02  Drone  
  13  0:13  Overlord  
  13  0:18  Drone  
  14  0:33  Drone  
  14  0:34  Drone  
  16  0:45  Drone  
  17  1:02  Drone  
  17  1:03  Drone  
  19  1:04  Hatchery  
  18  1:15  Overlord  
  18  1:22  Drone  
  19  1:29  Drone  
  20  1:42  Spawning Pool  
  20  1:43  Drone  
  20  2:05  Extractor  
  19  2:14  Hatchery  
  18  2:15  Overlord  
  18  2:32  Queen x2  
  22  2:39  Drone  
  22  2:41  Drone  
  24  2:49  Zergling x6  
  27  3:06  Roach Warren, Drone  
  27  3:12  Metabolic Boost  
  27  3:45  Queen  
  27  3:46  Roach  
  27  3:47  Roach  
  33  3:57  Roach  
  35  4:03  Roach  
  37  4:16  Overlord  
  37  4:26  Roach  
  37  4:27  Roach  
  37  4:28  Zergling x2  
  37  4:29  Zergling x16  
  49  4:44  Zergling x6  
  49  4:45  Zergling x14  
Show
View Real Time Build Order
Export as new Build Order

fropez Protoss 

Build Orders: 1 Gate Expand 

Get SALT Encoding   

  12  0:05  Probe (Chrono Boost)  
  13  0:15  Probe (Chrono Boost)  
  13  0:19  Pylon  
  14  0:26  Probe (Chrono Boost)  
  15  0:41  Gateway  
  15  0:42  Probe (Chrono Boost)  
  16  0:52  Probe (Chrono Boost)  
  17  1:03  Probe (Chrono Boost)  
  18  1:09  Assimilator  
  18  1:25  Nexus  
  19  1:30  Cybernetics Core  
  18  1:33  Probe (Chrono Boost)  
  19  1:45  Probe (Chrono Boost)  
  20  1:48  Pylon  
  20  1:55  Pylon  
  20  2:00  Assimilator  
  20  2:05  Adept  
  20  2:13  Warp Gate  
  22  2:18  Probe (Chrono Boost)  
  23  2:29  Adept  
  24  2:30  Probe (Chrono Boost)  
  28  2:45  Mothership Core (Chrono Boost)  
  28  2:51  Gateway  
  28  2:54  Gateway  
  28  2:57  Probe (Chrono Boost)  
  29  3:13  Pylon  
  29  3:19  Pylon  
  29  3:22  Probe (Chrono Boost)  
  29  3:23  Probe (Chrono Boost)  
  29  3:35  Adept  
  31  3:42  Adept x2  
  31  3:47  Probe x2 (Chrono Boost)  
  37  3:55  Pylon  
  37  3:57  Probe (Chrono Boost)  
  39  4:03  Probe (Chrono Boost), Assimilator  
  39  4:08  Probe (Chrono Boost)  
  39  4:09  Twilight Council  
  40  4:13  Pylon  
  40  4:16  Probe (Chrono Boost)  
  41  4:19  Probe (Chrono Boost)  
  42  4:24  Pylon  
  42  4:28  Probe (Chrono Boost)  
  42  4:29  Probe (Chrono Boost)  
  44  4:40  Probe (Chrono Boost)  
  45  4:55  Pylon  
Tags
 
Add a new tag
Caveats
  • Supply blocks, unpowered buildings, or Contaminate may cause inaccurate times.
  • Supply counts are checked every 10 seconds.